 Dungeon Crawl Stone Soup version 0.18.1-48-g4cf74bf (webtiles) character file.

112 Heedrag the Conjurer (level 4, -1/24 HPs)
             Began as a Deep Elf Conjurer on Aug 5, 2016.
             Killed from afar by Sigmund (10 damage)
             ... with a puff of flame
             ... on level 3 of the Dungeon.
             The game lasted 00:05:26 (1742 turns).

Heedrag the Conjurer (Deep Elf Conjurer)            Turns: 1742, Time: 00:05:27

Health: -1/24      AC:  3    Str:  6    XL:     4   Next: 63%
Magic:  1/12       EV: 13    Int: 20    God:
Gold:   71         SH:  0    Dex: 15    Spells: 2 memorised, 8 levels left

rFire  . . .     SeeInvis .     m - +0 short sword
rCold  . . .     Gourm    .     a - +0 robe
rNeg   . . .     Faith    .     (no shield)
rPois  .         Spirit   .     q - +1 hat
rElec  .         Dismiss  .     (no cloak)
rCorr  .         Reflect  .     (no gloves)
SustAt .         Harm     .     (no boots)
MR     .....                    (no amulet)
Stlth  ++........               (no ring)
                                (no ring)

@: not resistant to hostile enchantments, unstealthy
A: no striking features
a: no special abilities


You were on level 3 of the Dungeon.
You were not hungry.

You visited 1 branch of the dungeon, and saw 3 of its levels.

You collected 71 gold pieces.

Inventory:

Hand Weapons
 e - a +0 dagger
 m - a +0 short sword (weapon)
Armour
 a - a +0 robe (worn)
 q - a +1 hat (worn)
Wands
 s - a wand of disintegration (15/24)
Scrolls
 f - 4 scrolls of identify {unknown}
 g - a scroll of recharging {unknown}
 h - 2 scrolls of immolation {unknown}
 k - a scroll of noise {unknown}
 o - a scroll of fog {unknown}
 p - a scroll of enchant armour {unknown}
Potions
 d - a potion of flight {unknown}
 j - 2 potions of might {unknown}
 l - a potion of agility {unknown}
 n - a potion of ambrosia {unknown}
Books
 b - a book of Conjurations

   Spells                             Type                      Level
   a - Magic Dart                     Conjuration                  1
   b - Searing Ray                    Conjuration                  2
   c - Dazzling Spray                 Conjuration/Hexes            3
   d - Fulminant Prism                Conjuration/Hexes            4
   e - Iskenderun's Mystic Blast      Conjuration                  4
   f - Iskenderun's Battlesphere      Conjuration/Charms           5
Comestibles
 c - a bread ration
 i - 2 beef jerkies
 r - 2 chunks of flesh


   Skills:
 - Level 2.4 Dodging
 - Level 2.4 Stealth
 + Level 4.6 Spellcasting
 * Level 5.9 Conjurations


You had 8 spell levels left.
You knew the following spells:

 Your Spells              Type           Power        Failure   Level  Hunger
a - Magic Dart            Conj           ####         1%          1    None
b - Dazzling Spray        Conj/Hex       ###...       12%         3    ##.....


Dungeon Overview and Level Annotations

Branches:
Dungeon (3/15)

Altars:
Qazlal

Annotations:
D:3 Sigmund


Message History

Aim: Sigmund, wieldin' a scytha an' wearin' a robe (heavily wounded, blind) Tha magic dart hits Sigmund.
Sigmund be severely wounded.
Castin': Magic Dart Confirm wit' . or Enter, or press ? or * ta list all spells.
Aimin': Magic Dart
Press: ? - help, Shift-Dir - straight line, f/p - Sigmund
Aim: Sigmund, wieldin' a scytha an' wearin' a robe (severely wounded, blind, hasn't noticed ye) Tha magic dart hits Sigmund.
Sigmund be severely wounded.
Sigmund be nay longer blind.
Sigmund casts a spell at ye.
Tha puff o' flame hits ye!
Sigmund mumbles some strange words.
Sigmund flickers an' vanishes!
Deactivatin' autopickup; reactivate wit' Ctrl-A.
Somethin' tries ta affect ye, but ye resist.
A puff o' flame appears from outta thin air!
Tha puff o' flame hits ye!
Ye die...

##....###....#
##............#
#...###..... #...#
#..... #######...#
#.... #.........# ..##
##########.........###
.#
.........#.............
########.#....@####....
#.#..)..# #...#
#.#.)...# #..# ###
#.#)....# ..#
(....#.#.....#
#.......{.....#
#.#####.#........
#.#.###..... ..#.#
###..


There were no monsters in sight!

Vanquished Creatures
  2 adders (D:3)
  4 gnolls (D:3)
  An ooze (D:1)
  A worm (D:1)
  A dart slug (D:1)
  2 giant geckos
  7 bats
  3 giant cockroaches
  9 goblins
  3 hobgoblins
  4 giant newts
  6 kobolds
  3 rats
46 creatures vanquished.

Notes
Turn   | Place    | Note
--------------------------------------------------------------
     0 | D:1      | Heedrag the Deep Elf Conjurer began the quest for the Orb.
     0 | D:1      | Reached XP level 1. HP: 10/10 MP: 6/6
   122 | D:1      | Reached XP level 2. HP: 15/15 MP: 0/8
   413 | D:1      | Reached skill level 5 in Conjurations
   747 | D:1      | Reached XP level 3. HP: 19/19 MP: 3/10
   762 | D:1      | Learned a level 3 spell: Dazzling Spray
  1109 | D:2      | Found a stormy altar of Qazlal.
  1536 | D:3      | Reached XP level 4. HP: 24/24 MP: 3/12
  1722 | D:3      | Noticed Sigmund
  1742 | D:3      | Killed from afar by Sigmund

Skill      XL: |  1  2  3 |
---------------+----------+-----
Conjurations   | 5 |  5.9
Spellcasting   | 4 |  4.6
Dodging        | |  2.4
Stealth        | |  2.4

Action                   |  1- 3 |  4- 6 || total
-------------------------+-------+-------++-------
Melee: Short sword       |     1 |       ||     1
 Cast: Magic Dart        |    73 |    22 ||    95
       Dazzling Spray    |       |     2 ||     2
  Eat: Chunk             |     2 |       ||     2
Armor: Robe              |     1 |       ||     1
Dodge: Dodged            |     4 |       ||     4
